PBL
PARIS CUBS @ HAMILTON CARDINALS
07/21/2044
 
TOP OF THE 1ST
Southern Maryland Blue Crabs batting - Pitching for Niagara Falls Phantoms : RHP Tony Black
Pitching: RHP Tony Black
Batting: RHB Marc Peckermark 0-0: Ball
1-0: Swinging Strike
1-1: Bunted foul
1-2: Ball
2-2: Ball
3-2: Foul Ball, location: 2F
3-2: Base on Balls
Batting: RHB Alex Valencia 0-0: Called Strike
0-1: Ball
1-1: Ball
2-1: Ball
3-1: Fielders Choice at 2nd, 3-6 (Groundball, 3, EV 88.8 MPH)
Batting: RHB Billy Crookston 0-0: Called Strike
0-1: Grounds into double play, 4-6-3 (Groundball, 4, EV 103.8 MPH)
Top of the 1st over - 0 runs, 0 hits, 0 errors, 0 left on base; Southern Maryland 0 - Niagara Falls 0
BOTTOM OF THE 1ST
Niagara Falls Phantoms batting - Pitching for Southern Maryland Blue Crabs : RHP Jon Juarez
Pitching: RHP Jon Juarez
Batting: RHB Phil Corliss 0-0: Called Strike
0-1: Fly out, F7 (Flyball, 7LD, EV 91.9 MPH)
Batting: RHB Colby Macon 0-0: Fly out, F8 (Flyball, 8LXD, EV 84.4 MPH)
Batting: RHB Nick Dunton 0-0: Ball
1-0: Ball
2-0: Called Strike
2-1: Foul Ball, location: 2F
2-2: Ball
3-2: Base on Balls
Batting: RHB Roberto Guzman 0-0: Ball
1-0: Called Strike
1-1: Ball
2-1: Foul Ball, location: 2F
2-2: Strikes out swinging
Bottom of the 1st over - 0 runs, 0 hits, 0 errors, 1 left on base; Southern Maryland 0 - Niagara Falls 0
TOP OF THE 2ND
Southern Maryland Blue Crabs batting - Pitching for Niagara Falls Phantoms : RHP Tony Black
Batting: LHB Gabe Pace 0-0: Ball
1-0: Ball
2-0: Ball
3-0: Base on Balls
Batting: LHB Bill Ostlund 0-0: Called Strike
0-1: Ball
1-1: Ball
2-1: Swinging Strike
2-2: Ball
3-2: Grounds into double play, 3-6-1 (Groundball, 34S, EV 93.8 MPH)
Batting: SHB Pat Wilson 0-0: Fly out, F7 (Flyball, 7LS, EV 96.9 MPH)
Top of the 2nd over - 0 runs, 0 hits, 0 errors, 0 left on base; Southern Maryland 0 - Niagara Falls 0
BOTTOM OF THE 2ND
Niagara Falls Phantoms batting - Pitching for Southern Maryland Blue Crabs : RHP Jon Juarez
Batting: RHB Roberto Tena 0-0: Ball
1-0: Called Strike
1-1: DOUBLE (Groundball, 5L, EV 102.5 MPH)
Batting: RHB Steve Martin 0-0: Foul Ball, location: 2F
0-1: SINGLE (Line Drive, 78S, EV 106.3 MPH)
Roberto Tena to third
Batting: RHB Chris Yancey 0-0: Called Strike
Pickoff Throw by Catcher to First - Out!
0-1: Called Strike
0-2: Strikes out swinging
Batting: RHB Jose Conde 0-0: Swinging Strike
0-1: Called Strike
0-2: Strikes out looking
Bottom of the 2nd over - 0 runs, 2 hits, 0 errors, 1 left on base; Southern Maryland 0 - Niagara Falls 0
TOP OF THE 3RD
Southern Maryland Blue Crabs batting - Pitching for Niagara Falls Phantoms : RHP Tony Black
Batting: RHB Bryan Shuller 0-0: Ball
1-0: Called Strike
1-1: Foul Ball, location: 2F
1-2: Ball
2-2: Foul Ball, location: 2F
2-2: Ball
3-2: Strikes out looking
Batting: RHB Carsten Koers 0-0: Ball
1-0: Fly out, F9 (Line Drive, 9, EV 86.3 MPH)
Batting: SHB Jorge Brito 0-0: Foul Ball, location: 2F
0-1: Swinging Strike
0-2: Ball
1-2: Strikes out swinging
Top of the 3rd over - 0 runs, 0 hits, 0 errors, 0 left on base; Southern Maryland 0 - Niagara Falls 0
BOTTOM OF THE 3RD
Niagara Falls Phantoms batting - Pitching for Southern Maryland Blue Crabs : RHP Jon Juarez
Batting: RHB Danny Webb 0-0: Ball
1-0: Ground out 6-3 (Groundball, 6, EV 91.3 MPH)
Batting: RHB Phil Corliss 0-0: Ball
1-0: Called Strike
1-1: Foul Ball, location: 2F
1-2: Ball
2-2: Ball
3-2: Foul Ball, location: 2F
3-2: Ground out 5-3 (Groundball, 56, EV 100.6 MPH)
Batting: RHB Colby Macon 0-0: Ball
1-0: Hit by Pitch
Batting: RHB Nick Dunton 0-0: Ball
Colby Macon steals 2nd base
1-0: Called Strike
1-1: Called Strike
1-2: Foul Ball, location: 2F
1-2: Foul Ball, location: 2F
1-2: Ball
2-2: Ball
3-2: 2-RUN HOME RUN (Line Drive, 7LD, EV 96.9 MPH), Distance : 369 ft
Batting: RHB Roberto Guzman 0-0: Ball
1-0: Foul Ball, location: 2F
1-1: SINGLE (Groundball, 56D, EV 104.4 MPH)
Batting: RHB Roberto Tena 0-0: Ball
1-0: Fielders Choice at 2nd, 6-4 (Groundball, 6, EV 90.6 MPH)
Bottom of the 3rd over - 2 runs, 2 hits, 0 errors, 1 left on base; Southern Maryland 0 - Niagara Falls 2
TOP OF THE 4TH
Southern Maryland Blue Crabs batting - Pitching for Niagara Falls Phantoms : RHP Tony Black
Batting: RHB Marc Peckermark 0-0: Foul Ball, location: 2F
0-1: Ball
1-1: Ball
2-1: Ball
3-1: Swinging Strike
3-2: Base on Balls
Batting: RHB Alex Valencia 0-0: Called Strike
0-1: Foul Ball, location: 2F
0-2: Fly out, F6 (Popup, 6M, EV 77.5 MPH)
Pitching: RHP Vince DeFord
Batting: RHB Billy Crookston 0-0: Ball
1-0: Ball
Marc Peckermark steals 2nd base (no throw)
2-0: Fly out, F6 (Popup, 4MD, EV 45.6 MPH)
Batting: LHB Gabe Pace 0-0: Foul Ball, location: 2F
0-1: Foul Ball, location: 2F
0-2: Fly out, F7 (Flyball, 7D, EV 83.8 MPH)
Top of the 4th over - 0 runs, 0 hits, 0 errors, 1 left on base; Southern Maryland 0 - Niagara Falls 2
BOTTOM OF THE 4TH
Niagara Falls Phantoms batting - Pitching for Southern Maryland Blue Crabs : RHP Jon Juarez
Batting: RHB Steve Martin 0-0: Swinging Strike
0-1: Ball
1-1: Foul Ball, location: 2F
1-2: Ball
2-2: Strikes out looking
Batting: RHB Chris Yancey 0-0: Ball
1-0: Ball
2-0: Ball
3-0: Called Strike
3-1: SINGLE (Line Drive, 9S, EV 107.5 MPH)
Batting: RHB Jose Conde 0-0: Called Strike
0-1: Fly out, F8 (Flyball, 8RXD, EV 107.5 MPH)
Batting: RHB Danny Webb 0-0: Ball
1-0: Ball
2-0: Called Strike
2-1: Foul Ball, location: 2F
2-2: Strikes out swinging
Bottom of the 4th over - 0 runs, 1 hit, 0 errors, 1 left on base; Southern Maryland 0 - Niagara Falls 2
TOP OF THE 5TH
Southern Maryland Blue Crabs batting - Pitching for Niagara Falls Phantoms : RHP Vince DeFord
Batting: LHB Bill Ostlund 0-0: Fly out, F8 (Line Drive, 8LD, EV 86.3 MPH)
Batting: SHB Pat Wilson 0-0: Ball
1-0: Fly out, F5 (Popup, 56S, EV 71.3 MPH)
Batting: RHB Bryan Shuller 0-0: Ball
1-0: Ball
2-0: Called Strike
2-1: Swinging Strike
2-2: Strikes out swinging
Top of the 5th over - 0 runs, 0 hits, 0 errors, 0 left on base; Southern Maryland 0 - Niagara Falls 2
BOTTOM OF THE 5TH
Niagara Falls Phantoms batting - Pitching for Southern Maryland Blue Crabs : RHP Jon Juarez
Batting: RHB Phil Corliss 0-0: Ground out 6-3 (Groundball, 6S, EV 85.6 MPH)
Batting: RHB Colby Macon 0-0: Ball
1-0: Ball
2-0: Called Strike
2-1: Ball
3-1: Base on Balls
Batting: RHB Nick Dunton 0-0: Ball
1-0: Called Strike
1-1: Ball
Colby Macon is caught stealing 2nd base 2-4
2-1: Swinging Strike
2-2: Ball
3-2: Foul Ball, location: 2F
3-2: Foul Ball, location: 2F
3-2: Base on Balls
Pitching: RHP Eric Glad
Batting: RHB Roberto Guzman 0-0: Called Strike
0-1: Ball
1-1: Ball
2-1: Ball
3-1: Swinging Strike
3-2: Strikes out looking
Bottom of the 5th over - 0 runs, 0 hits, 0 errors, 1 left on base; Southern Maryland 0 - Niagara Falls 2
TOP OF THE 6TH
Southern Maryland Blue Crabs batting - Pitching for Niagara Falls Phantoms : RHP Vince DeFord
Batting: RHB Carsten Koers 0-0: Called Strike
0-1: Fly out, F9 (Flyball, 89D, EV 87.5 MPH)
Batting: SHB Jorge Brito 0-0: Foul Ball, location: 2F
0-1: Ball
1-1: Foul Ball, location: 2F
1-2: Ball
2-2: Ball
3-2: Strikes out swinging
Batting: RHB Marc Peckermark 0-0: Called Strike
0-1: SOLO HOME RUN (Flyball, 7LD, EV 96.9 MPH), Distance : 347 ft
Batting: RHB Alex Valencia 0-0: Ball
1-0: Called Strike
1-1: Ball
2-1: Foul Ball, location: 2F
2-2: Foul Ball, location: 2F
2-2: Fly out, F8 (Flyball, 8LD, EV 98.1 MPH)
Top of the 6th over - 1 run, 1 hit, 0 errors, 0 left on base; Southern Maryland 1 - Niagara Falls 2
BOTTOM OF THE 6TH
Niagara Falls Phantoms batting - Pitching for Southern Maryland Blue Crabs : RHP Eric Glad
Batting: RHB Roberto Tena 0-0: Foul Ball, location: 2F
0-1: Ball
1-1: Foul Ball, location: 2F
1-2: Ball
2-2: Fly out, F9 (Flyball, 9D, EV 101.3 MPH)
Batting: RHB Steve Martin 0-0: Fly out, F9 (Flyball, 9LS, EV 91.3 MPH)
Batting: RHB Chris Yancey 0-0: Ball
1-0: Foul Ball, location: 2F
1-1: Foul Ball, location: 2F
1-2: Ball
2-2: Ball
3-2: Ground out 6-3 (Groundball, 6S, EV 68.1 MPH)
Bottom of the 6th over - 0 runs, 0 hits, 0 errors, 0 left on base; Southern Maryland 1 - Niagara Falls 2
TOP OF THE 7TH
Southern Maryland Blue Crabs batting - Pitching for Niagara Falls Phantoms : RHP Vince DeFord
Pitching: LHP Fernando Mendoza
Batting: RHB Billy Crookston 0-0: Called Strike
0-1: Ball
1-1: Called Strike
1-2: Strikes out swinging
Batting: LHB Gabe Pace 0-0: Ball
1-0: Called Strike
1-1: Swinging Strike
1-2: Foul Ball, location: 2F
1-2: Ball
2-2: SINGLE (Flyball, 89S, EV 93.8 MPH)
Pinch Hitting: SHB Eric Tiehen 0-0: Ball
1-0: Foul Ball, location: 2F
1-1: Ball
2-1: Swinging Strike
2-2: Foul Ball, location: 2F
2-2: Strikes out swinging
Batting: SHB Pat Wilson 0-0: Called Strike
Gabe Pace steals 2nd base
0-1: Ball
1-1: Foul Ball, location: 2F
1-2: Ball
2-2: Ball
3-2: Foul Ball, location: 2F
3-2: Foul Ball, location: 2F
3-2: Foul Ball, location: 2F
3-2: Hit by Pitch
Batting: RHB Bryan Shuller 0-0: Foul Ball, location: 2F
0-1: Swinging Strike
0-2: Strikes out swinging
Top of the 7th over - 0 runs, 1 hit, 0 errors, 2 left on base; Southern Maryland 1 - Niagara Falls 2
BOTTOM OF THE 7TH
Niagara Falls Phantoms batting - Pitching for Southern Maryland Blue Crabs : RHP Eric Glad
Now in LF: Rodolfo Montes
Batting: RHB Jose Conde 0-0: Ball
1-0: Ball
2-0: Swinging Strike
2-1: Ball
3-1: Swinging Strike
3-2: Foul Ball, location: 2F
3-2: Strikes out looking
Batting: RHB Danny Webb 0-0: Foul Ball, location: 2F
0-1: Ball
1-1: Ball
2-1: Called Strike
2-2: Ground out 2-3 (Groundball, 2L, EV 71.3 MPH)
Batting: RHB Phil Corliss 0-0: Ball
1-0: Swinging Strike
1-1: Fly out, F9 (Flyball, 9LM, EV 94.4 MPH)
Bottom of the 7th over - 0 runs, 0 hits, 0 errors, 0 left on base; Southern Maryland 1 - Niagara Falls 2
TOP OF THE 8TH
Southern Maryland Blue Crabs batting - Pitching for Niagara Falls Phantoms : LHP Fernando Mendoza
Pitching: RHP Danny Rasdall
Batting: RHB Carsten Koers 0-0: Called Strike
0-1: Foul Ball, location: 2F
0-2: Ball
1-2: SINGLE (Groundball, 5S, EV 61.3 MPH) (infield hit)
Batting: SHB Jorge Brito 0-0: Ball
1-0: Called Strike
1-1: Ball
2-1: Ball
3-1: Foul Ball, location: 2F
3-2: Strikes out swinging
Batting: RHB Marc Peckermark 0-0: Foul Ball, location: 2F
0-1: Foul Ball, location: 2F
0-2: Ball
1-2: Ball
2-2: Foul Ball, location: 2F
2-2: Ball
3-2: Foul Ball, location: 2F
3-2: 2-RUN HOME RUN (Flyball, 9LD, EV 93.8 MPH), Distance : 348 ft
Batting: RHB Alex Valencia 0-0: Called Strike
0-1: Fly out, F9 (Flyball, 9LS, EV 87.5 MPH)
Batting: RHB Billy Crookston 0-0: Ball
1-0: Reached on error, E1 (Groundball, 25, EV 69.4 MPH)
Pitching: LHP Ricky Espinoza
Batting: LHB Gabe Pace 0-0: Ball
1-0: SINGLE (Groundball, 56, EV 103.8 MPH)
Billy Crookston to third
Batting: LHB Rodolfo Montes 0-0: Ground out 4-3 (Groundball, 4D, EV 95.6 MPH)
Top of the 8th over - 2 runs, 3 hits, 1 error, 2 left on base; Southern Maryland 3 - Niagara Falls 2
BOTTOM OF THE 8TH
Niagara Falls Phantoms batting - Pitching for Southern Maryland Blue Crabs : RHP Eric Glad
Pitching: LHP Randy Adams
Batting: RHB Colby Macon 0-0: SOLO HOME RUN (Flyball, 8RXD, EV 115.0 MPH), Distance : 444 ft
Batting: RHB Nick Dunton 0-0: Ball
1-0: Called Strike
1-1: Fly out, F8 (Flyball, 89D, EV 90.0 MPH)
Batting: RHB Roberto Guzman 0-0: Ball
1-0: Ball
2-0: Called Strike
2-1: Ball
3-1: Ground out U3 (Groundball, 34, EV 101.9 MPH)
Batting: RHB Roberto Tena 0-0: Ball
1-0: Called Strike
1-1: SINGLE (Groundball, 6D, EV 98.8 MPH)
Batting: RHB Steve Martin 0-0: Swinging Strike
0-1: Ball
1-1: Swinging Strike
1-2: Ball
2-2: Ball
Wild Pitch!
Roberto Tena to second
3-2: Strikes out swinging
Bottom of the 8th over - 1 run, 2 hits, 0 errors, 1 left on base; Southern Maryland 3 - Niagara Falls 3
TOP OF THE 9TH
Southern Maryland Blue Crabs batting - Pitching for Niagara Falls Phantoms : LHP Ricky Espinoza
Pitching: RHP Travis Tate
Batting: SHB Pat Wilson 0-0: Ground out 5-3 (Groundball, 56, EV 86.9 MPH)
Pinch Hitting: SHB Todd Hewitt 0-0: Ball
1-0: Foul Ball, location: 2F
1-1: Ball
2-1: Foul Ball, location: 2F
2-2: Ball
3-2: Strikes out looking
Batting: RHB Carsten Koers 0-0: Called Strike
0-1: Swinging Strike
0-2: Foul Ball, location: 2F
0-2: Foul Ball, location: 2F
0-2: Ball
1-2: Foul Ball, location: 2F
1-2: Ball
2-2: Strikes out swinging
Top of the 9th over - 0 runs, 0 hits, 0 errors, 0 left on base; Southern Maryland 3 - Niagara Falls 3
BOTTOM OF THE 9TH
Niagara Falls Phantoms batting - Pitching for Southern Maryland Blue Crabs : LHP Randy Adams
Pitching: LHP Jesus Gallegos
Now at 2B: Tim Mulholland
Batting: RHB Chris Yancey 0-0: Ball
1-0: Called Strike
1-1: Foul Ball, location: 2F
1-2: Ball
2-2: Strikes out swinging
Batting: RHB Jose Conde 0-0: Ball
1-0: Fly out, F7 (Flyball, 78M, EV 82.5 MPH)
Pinch Hitting: LHB Ryan Rodgers 0-0: Called Strike
0-1: Swinging Strike
0-2: Ground out U3 (Groundball, 34, EV 88.1 MPH)
Bottom of the 9th over - 0 runs, 0 hits, 0 errors, 0 left on base; Southern Maryland 3 - Niagara Falls 3
TOP OF THE 10TH
Southern Maryland Blue Crabs batting - Pitching for Niagara Falls Phantoms : RHP Travis Tate
Now in LF: Josiah Huguley
Batting: SHB Jorge Brito 0-0: Ball
1-0: Swinging Strike
1-1: Ground out 1-3 (Groundball, P, EV 64.4 MPH)
Batting: RHB Marc Peckermark 0-0: Ball
1-0: Ball
2-0: Foul Ball, location: 2F
2-1: Ball
3-1: Base on Balls
Batting: RHB Alex Valencia 0-0: Called Strike
Marc Peckermark steals 2nd base (no throw)
0-1: Foul Ball, location: 2F
0-2: Ball
1-2: Strikes out swinging
Batting: RHB Billy Crookston 0-0: Called Strike
0-1: Foul Ball, location: 2F
0-2: Foul Ball, location: 2F
0-2: Ball
1-2: 2-RUN HOME RUN (Flyball, 78XD, EV 98.1 MPH), Distance : 401 ft
Batting: LHB Gabe Pace 0-0: Foul Ball, location: 2F
0-1: Ball
1-1: Swinging Strike
1-2: Ball
2-2: Strikes out looking
Top of the 10th over - 2 runs, 1 hit, 0 errors, 0 left on base; Southern Maryland 5 - Niagara Falls 3
BOTTOM OF THE 10TH
Niagara Falls Phantoms batting - Pitching for Southern Maryland Blue Crabs : LHP Jesus Gallegos
Batting: RHB Phil Corliss 0-0: SINGLE (Groundball, 4MD, EV 95.6 MPH)
Batting: RHB Colby Macon 0-0: Ball
1-0: Fielders Choice at 2nd, 5-4 (Groundball, 56, EV 80.6 MPH)
Batting: RHB Nick Dunton 0-0: Foul Ball, location: 2F
0-1: Ball
1-1: Ball
2-1: Ball
3-1: Called Strike
3-2: Strikes out swinging
Batting: RHB Roberto Guzman 0-0: Ball
1-0: Ball
2-0: Foul Ball, location: 2F
2-1: Foul Ball, location: 2F
2-2: DOUBLE (Flyball, 8LXD, EV 105.6 MPH)
Colby Macon to third
Batting: RHB Roberto Tena 0-0: Ball
1-0: Ball
2-0: Swinging Strike
2-1: Ball
3-1: Foul Ball, location: 2F
3-2: Ground out 1-3 (Groundball, 15S, EV 73.1 MPH)
Bottom of the 10th over - 0 runs, 2 hits, 0 errors, 2 left on base; Southern Maryland 5 - Niagara Falls 3
Thursday, March 31st , 2022 - OOTP Baseball 22.12 Build 89